 Dungeon Crawl Stone Soup version 0.28-a0-691-gad6df49e81 (webtiles) character file.

Game seed: 8609385643861092320

86 mordus the Shield-Bearer (level 4, -3/35 HPs)
             Began as a Formicid Fighter on Oct 20, 2021.
             Slain by Grinder (5 damage)
             ... on level 3 of the Dungeon.
             The game lasted 00:03:08 (2161 turns).

mordus the Shield-Bearer (Formicid Fighter)         Turns: 2161, Time: 00:03:08

Health: -3/35      AC:  4    Str: 21    XL:     4   Next: 78%
Magic:  4/4        EV: 11    Int:  8    God:
Gold:   108        SH:  4    Dex: 10    Spells: 3/3 levels left

rFire   . . .      SeeInvis +   a - +0 flail
rCold   . . .      Faith    .   c - +0 buckler
rNeg    . . .      Spirit   .   o - +1 leather armour {rPois}
rPois   +          Reflect  .   (helmet unavailable)
rElec   .          Harm     .   (no cloak)
rCorr   .          Rampage  .   (no gloves)
Will    .....                   (no boots)
Stlth   +.........              (no amulet)
HPRegen 0.11/turn               (no ring)
MPRegen 0.09/turn               (no ring)

@: no status effects
A: permanent stasis, dig shafts and tunnels, antennae 3, four strong arms
a: Dig, Shaft Self


You were on level 3 of the Dungeon.
You visited 1 branch of the dungeon, and saw 3 of its levels.

You collected 108 gold pieces.

Inventory:

Hand Weapons
 a - a +0 flail (weapon)
Armour
 b - a +0 scale mail
 c - a +0 buckler (worn)
 h - a +0 chain mail
 o - a +1 leather armour of poison resistance (worn)
Scrolls
 g - a scroll of identify {unknown}
 i - 2 scrolls of teleportation {unknown}
 j - a scroll of blinking {unknown}
 k - a scroll of enchant armour {unknown}
 m - a scroll of noise {unknown}
 n - a scroll of enchant weapon {unknown}
Potions
 d - 2 potions of might
 e - a potion of cancellation {unknown}
 f - 2 potions of degeneration {unknown}
 l - a potion of curing {unknown}
 p - a potion of haste {unknown}


   Skills:
 - Level 3.2 Fighting
 * Level 3.5 Maces & Flails
 + Level 4.0 Armour
 + Level 4.4 Shields


You had 3 spell levels left.
You didn't know any spells.
Your spell library contained the following spells:

 Spells                   Type           Power      Damage    Failure   Level
 Dazzling Flash           Conj/Hex       0%         N/A       83%         3
 Agony                    Necr           0%         N/A       100%        5
 Silence                  Hex/Air        0%         N/A       100%        5


Dungeon Overview and Level Annotations

Branches:
Dungeon (3/15)

Altars:

Annotations:
D:3 Grinder


Innate Abilities, Weirdness & Mutations

You cannot be hasted, slowed, berserked, paralysed or teleported.
You can dig through walls and to a lower floor.
You have a pair of large antennae on your head. (SInv)
Your four strong arms can wield two-handed weapons with a shield.


Message History

Grinder is heavily wounded.
Grinder gestures at you. You resist with significant effort.
You hit Grinder.
Grinder is heavily wounded.
Grinder closely misses you.
You sock Grinder!
Grinder is severely wounded.
Grinder hits you but does no damage.
You closely miss Grinder.
Grinder is severely wounded.
Grinder blinks!
Grinder gestures at you. Pain shoots through your body! Grinder hits you!
* * * LOW HITPOINT WARNING * * *
You hit Grinder.
Grinder is severely wounded.
You block Grinder's attack.
You barely miss Grinder.
Grinder is severely wounded.
You block Grinder's attack.
You hit Grinder.
Grinder is severely wounded.
Grinder blinks!
Grinder blinks!
You extend your mandibles.
You dig through the rock wall.
You dig through the rock wall.
You dig through the rock wall.
You dig through the rock wall.
You dig through the rock wall.
You start resting.
You sense a monster nearby.
You start resting.
Grinder is nearby!
Grinder hits you.
* * * LOW HITPOINT WARNING * * *
You writhe in agony.
You die...

### ##5## #@#.## ####.#
#####.######
##..........#######
##.................#
#.........†...$....#
##..................# #
#...................# #
......................#
#


You could see Grinder.

Vanquished Creatures
  4 adders
  A dart slug (D:3)
  6 bats
  7 endoplasms
  4 giant cockroaches
  3 hobgoblins
  2 kobolds (D:1)
  3 quokkas
  6 ball pythons
  2 frilled lizards (D:1)
  4 goblins
  3 rats (D:2)
45 creatures vanquished.

Notes
Turn   | Place    | Note
-------+----------+-------------------------------------------
     0 | D:1      | mordus the Formicid Fighter began the quest for the Orb.
     0 | D:1      | Reached XP level 1. HP: 18/18 MP: 1/1
    34 | D:1      | Found a faded altar of an unknown god.
   120 | D:1      | Reached XP level 2. HP: 24/24 MP: 2/2
   274 | D:1      | Reached XP level 3. HP: 18/29 MP: 3/3
  1380 | D:2      | Reached XP level 4. HP: 35/35 MP: 4/4
  2110 | D:3      | Noticed Grinder
  2161 | D:3      | Slain by Grinder

Illustrated notes

Levels and vault maps discovered:
D:1:      saegor_arrival_simple_e, layout_basic, shapermc_ecumenical_altar_venn,
          minmay_close_crescents
D:2:      layout_loops_ring, item_on_display_a
D:3:      layout_rooms, uniq_grinder

Skill      XL: |  1  2  3  4 |
---------------+-------------+-----
Shields        | 4 |  4.4
Maces & Flails | 3 |  3.5
Armour         | 4 |  4.0
Fighting       | |  3.2

Action                   |  1- 3 |  4- 6 || total
-------------------------+-------+-------++-------
Melee: Flail             |   107 |    56 ||   163
 Abil: Dig               |       |     1 ||     1
Armor: Scale mail        |    29 |       ||    29
       Chain mail        |    53 |    19 ||    72
       Leather armour    |       |     3 ||     3
Dodge: Dodged            |    43 |    19 ||    62
Block: Buckler           |    33 |    10 ||    43

Table legend: (Time is in decaauts)
 A = Elapsed time spent in this place.
 B = Non-inter-level travel time spent in this place.
 C = Inter-level travel time spent in this place.
 D = Time resting spent in this place.
 E = Time spent auto-exploring this place.
 F = Levels seen in this place.
 G = Mean time per level.
                   A        B        C        D        E       F      G
               +--------+--------+--------+--------+--------+-----+--------+
         Total |   2202 |   2151 |     51 |      8 |   1744 |   3 |  734.0 |
       Dungeon |   2202 |   2151 |     51 |      8 |   1744 |   3 |  734.0 |
               +--------+--------+--------+--------+--------+-----+--------+

Top non-repeatable levels by time:
     D:1: 919 daAuts
     D:2: 919 daAuts
     D:3: 363 daAuts
